General information
- name: BNet
- type: Ladder 1vs1/FFA
- host: Battle.net
- saver: Krishna
map: MeltingValley
- players: 2
- length: 37:12
- speed: Fast
- version: 1.26 W3XP
- replay type: Public
» download(98 KB)
Players
team 1 (winner)
Krishna (
purple | 68 APM | 2530 actions | 37:12)
8 Demon Hunter
3 Mana Burn
3 Evasion
1 Immolation
1 Metamorphosis
» actions
| Assign group hotkey | 228 | |
| Basic commands | 31 | |
| Build / train | 124 | |
| Enter build submenu | 88 | |
| Enter hero's abilities submenu | 9 | |
| Give item / drop item | 8 | |
| Remove unit from queue | 1 | |
| Right click | 1176 | |
| Select / deselect | 443 | |
| Select group hotkey | 195 | |
| Use ability | 227 | |
2530 total
» units
| Wisp | 74 | |
| Huntress | 3 | |
| Goblin Shredder | 2 | |
| Goblin Sapper | 1 | |
| Chimaera | 1 | |
81 total
» upgrades
| Sentinel | 1 | |
| Ultravision | 1 | |
| Nature's Blessing | 1 | |
| Well Spring | 1 | |
4 total
» buildings
| Moon Well | 43 | |
| Altar of Elders | 1 | |
| Ancient of War | 1 | |
| Hunter's Hall | 1 | |
| Tree of Ages | 1 | |
| Tree of Life | 4 | |
| Ancient Protector | 39 | |
| Tree of Eternity | 1 | |
| Ancient of Wonders | 1 | |
| Ancient of Lore | 1 | |
| Ancient of Wind | 2 | |
| Chimaera Roost | 3 | |
98 total
» build order
00:07 Moon Well
00:56 Altar of Elders
01:15 Moon Well
01:53 Ancient of War
02:11 Hunter's Hall
02:21 Moon Well
02:36 Moon Well
03:00 Moon Well
03:44 Moon Well
04:23 Moon Well
04:31 Moon Well
04:58 Tree of Ages
05:40 Moon Well
05:41 Moon Well
07:26 Tree of Life
07:27 Ancient Protector
07:28 Ancient Protector
07:29 Ancient Protector
07:37 Tree of Life
07:41 Ancient Protector
07:41 Ancient Protector
07:42 Ancient Protector
10:08 Ancient Protector
10:09 Ancient Protector
12:01 Moon Well
12:01 Moon Well
12:02 Moon Well
12:02 Moon Well
12:03 Moon Well
12:04 Moon Well
12:04 Moon Well
12:06 Moon Well
12:10 Moon Well
12:12 Moon Well
12:43 Tree of Eternity
14:19 Moon Well
14:19 Moon Well
14:19 Moon Well
14:20 Moon Well
14:20 Moon Well
14:21 Moon Well
14:22 Moon Well
14:30 Ancient Protector
14:31 Ancient Protector
14:32 Ancient Protector
15:03 Ancient of Wonders
16:26 Ancient Protector
16:26 Ancient Protector
16:28 Ancient Protector
16:29 Ancient Protector
16:30 Ancient Protector
17:16 Moon Well
17:16 Moon Well
17:16 Moon Well
17:17 Moon Well
17:17 Moon Well
17:18 Moon Well
19:42 Tree of Life
19:45 Ancient Protector
19:45 Ancient Protector
19:45 Ancient Protector
19:45 Ancient Protector
19:46 Ancient Protector
19:47 Ancient Protector
19:47 Ancient Protector
19:47 Ancient Protector
19:48 Ancient Protector
19:49 Ancient Protector
19:50 Ancient Protector
23:37 Moon Well
23:37 Moon Well
23:37 Moon Well
23:38 Moon Well
23:38 Moon Well
23:40 Moon Well
23:41 Moon Well
23:41 Moon Well
23:41 Moon Well
23:41 Moon Well
30:04 Ancient of Lore
30:10 Ancient of Wind
30:12 Ancient of Wind
31:14 Chimaera Roost
31:14 Chimaera Roost
31:14 Chimaera Roost
34:45 Tree of Life
34:47 Ancient Protector
34:47 Ancient Protector
34:48 Ancient Protector
35:06 Ancient Protector
35:06 Ancient Protector
35:08 Ancient Protector
35:08 Ancient Protector
35:14 Ancient Protector
35:20 Ancient Protector
35:20 Ancient Protector
35:21 Ancient Protector
» items
| Boots of Speed | 1 | |
| Periapt of Vitality | 2 | |
| Potion of Invisibility | 3 | |
| Staff of Teleportation | 1 | |
| Tome of Retraining | 2 | |
| Scroll of Town Portal | 7 | |
16 total
team 2 (loser)
scubastevenson (
yellow | 47 APM | 1740 actions | 37:10)
6 Blademaster
2 Wind Walk
3 Critical Strike
1 Bladestorm
5 Tauren Chieftain
3 Endurance Aura
2 War Stomp
» actions
| Assign group hotkey | 43 | |
| Basic commands | 128 | |
| Build / train | 106 | |
| Enter build submenu | 27 | |
| Enter hero's abilities submenu | 12 | |
| Give item / drop item | 1 | |
| Remove unit from queue | 9 | |
| Right click | 307 | |
| Select / deselect | 380 | |
| Select group hotkey | 645 | |
| Use ability | 82 | |
1740 total
» units
| Peon | 21 | |
| Grunt | 5 | |
| Troll Headhunter/Berserker | 12 | |
| Raider | 9 | |
| Demolisher | 1 | |
| Goblin Shredder | 1 | |
| Spirit Walker | 5 | |
| Tauren | 6 | |
60 total
» upgrades
| Pillage | 1 | |
| Armor | 2 | |
| Troll Regeneration | 1 | |
| Ranged Weapons | 2 | |
| Ensnare | 1 | |
| Spirit Walker Training | 2 | |
| Pulverize | 1 | |
| Melee Weapons | 1 | |
| Witch Doctor Training | 2 | |
| Shaman Training | 2 | |
| Burning Oil | 1 | |
16 total
» buildings
| Orc Burrow | 8 | |
| Altar of Storms | 1 | |
| Barracks | 1 | |
| Voodoo Lounge | 1 | |
| Stronghold | 1 | |
| War Mill | 1 | |
| Great Hall | 2 | |
| Beastiary | 2 | |
| Spirit Lodge | 2 | |
| Fortress | 1 | |
| Tauren Totem | 2 | |
22 total
» build order
00:09 Orc Burrow
00:14 Altar of Storms
01:07 Barracks
01:27 Orc Burrow
02:19 Voodoo Lounge
04:21 Stronghold
04:44 War Mill
05:36 Orc Burrow
06:42 Great Hall
07:23 Orc Burrow
08:22 Beastiary
12:21 Beastiary
13:33 Orc Burrow
14:33 Spirit Lodge
15:30 Fortress
16:41 Spirit Lodge
17:04 Orc Burrow
18:11 Orc Burrow
18:14 Tauren Totem
19:37 Tauren Totem
20:47 Orc Burrow
23:20 Great Hall
» items
| Healing Salve | 4 | |
| Scroll of Town Portal | 2 | |
6 total
Chat log
(00:23 / All) Krishna: starting off hot right out of the gate
(00:44 / All) scubastevenson: not me im gonig to try somthing new
(01:01 / All) Krishna: no offense but I hope it's a miserable failure
(01:36 / All) scubastevenson: dont worry it proably will
(01:43 / All) Krishna: that's what I like to hear
(03:35 / All) Krishna: that doesn't seem too new
(03:47 / All) scubastevenson: 4 me it is
(11:12 / All) Krishna: lawl
(18:38 / All) Krishna: whoops
(18:47 / All) scubastevenson: it happens
(18:58 / All) Krishna: embarassing when it does
(20:30 / All) Krishna: NO
(20:32 / All) Krishna: I tped
(20:59 / All) Krishna: two deaths with demon hunter
(21:03 / All) Krishna: Thankfully I am a GOD
(21:08 / All) Krishna: and have infinite lives
(21:10 / All) scubastevenson: lol
(21:19 / All) scubastevenson: how is that?
(23:04 / All) Krishna: i think I have a delay
(23:23 / All) Krishna: So I shouldn't cut it close anymore
(27:15 / All) Krishna: demonhunter is more costly and less effective than warden
(28:15 / All) Krishna: forgot I didn't have a TP
(30:55 / All) Krishna: how did you get so much gold
(31:08 / All) scubastevenson: by mining it
(31:29 / All) Krishna: surely you had upkeep
(32:56 / All) Krishna: warden is way more fun
(34:34 / All) scubastevenson: u got tones of gold
(35:11 / All) Krishna: hunderds!
(35:44 / All) Krishna: had to cheat a little bit
(35:47 / All) scubastevenson: figure du needed chimes
(35:48 / All) Krishna: since you got them damn walkers
(35:55 / All) scubastevenson: lol
(36:55 / All) scubastevenson: fucing mana drain
(37:07 / All) scubastevenson: gg